 Dungeon Crawl Stone Soup version 0.23.2-1-ga50397a6bc (webtiles) character file.

Game seed: 14683310081025634211

5189 PentaManta the Nimble (level 10, 0/70 HPs)
             Began as a Merfolk Monk on June 2, 2019.
             Was an Elder of Dithmenos.
             Killed by vampiric draining
             ... invoked by a vampire
              (16 damage)
             ... on level 10 of the Dungeon.
             The game lasted 00:27:36 (9823 turns).

PentaManta the Nimble (Merfolk Monk)                Turns: 9823, Time: 00:27:37

Health: 0/70       AC: 10    Str: 12    XL:     10   Next: 60%
Magic:  10/10      EV: 21    Int: 16    God:    Dithmenos [****..]
Gold:   465        SH:  0    Dex: 22    Spells: 9/9 levels left

rFire    + . .     SeeInvis .   L - +4 long sword (freeze)
rCold    + + .     Gourm    .   (no shield)
rNeg     . . .     Faith    .   C - +1 ring mail "Xeitreg" {-Cast Int+7}
rPois    .         Spirit   .   n - +2 helmet
rElec    .         Reflect  .   O - scarf {rC+ rF+}
rCorr    .         Harm     .   A - +0 pair of gloves
MR       .....     NoCast   +   (no boots)
Stlth    ++........             (no amulet)
HPRegen  0.21/turn              g - ring of protection from cold
MPRegen  0.12/turn              v - +2 ring of dexterity

@: wreathed by umbra
A: change form in water, swift swim, stealthy swim
a: Shadow Step, Renounce Religion


You were on level 10 of the Dungeon.
You worshipped Dithmenos.
Dithmenos was greatly pleased with you.
You were not hungry.

You visited 2 branches of the dungeon, and saw 11 of its levels.
You also visited: Sewer.

You collected 465 gold pieces.

Inventory:

Hand Weapons
 m - a +0 rapier
 p - a +2 dagger of draining
 L - a +4 long sword of freezing (weapon)
 N - a +0 scimitar
Missiles
 k - 327 stones
 l - 9 tomahawks
 r - 4 silver tomahawks
 F - 8 poisoned javelins (quivered)
 P - a throwing net
Armour
 j - +0 storm dragon scales
 n - a +2 helmet (worn)
 y - a +0 leather armour
 A - a +0 pair of gloves (worn)
 C - the +1 ring mail "Xeitreg" (worn) {-Cast Int+7}
   (You found it on level 5 of the Dungeon)

   It affects your intelligence (+7).
   It prevents spellcasting.
 O - a scarf of resistance (worn)
 S - a +0 cloak
Jewellery
 g - a ring of protection from cold (left hand)
 q - an uncursed ring of ice
 v - a +2 ring of dexterity (right hand)
Wands
 t - a wand of clouds (3)
 z - a wand of digging (9)
 B - a wand of random effects (18)
 H - a wand of flame (35)
 J - a wand of acid (12)
Scrolls
 a - 3 scrolls of identify
 d - 7 scrolls of teleportation
 i - 2 scrolls of magic mapping
 u - a scroll of enchant armour
 D - a scroll of amnesia
 E - 3 scrolls of remove curse
 G - 2 scrolls of enchant weapon
 M - 2 scrolls of fog {unknown}
 Q - a scroll of random uselessness {unknown}
 T - a scroll of silence
Potions
 b - 5 potions of curing
 e - a potion of heal wounds
 f - 2 potions of cancellation
 h - 2 potions of berserk rage
 o - 3 potions of might
 s - 2 potions of invisibility {unknown}
 w - a potion of ambrosia {unknown}
 x - 2 potions of haste {unknown}
 I - 2 potions of brilliance {unknown}
 K - a potion of flight {unknown}
Miscellaneous
 R - a fan of gales
Comestibles
 c - 21 rations


   Skills:
 - Level 3.2 Fighting
 - Level 9.1(11.4) Short Blades
 * Level 10.4(11.5) Long Blades
 + Level 12.9 Dodging
 - Level 2.1 Stealth


You had 9 spell levels left.
You didn't know any spells.
Your spell library contained the following spells:

 Spells                   Type           Power        Failure   Level  Hunger
 Animate Skeleton         Necr           N/A          50%         1    ##.....
 Apportation              Tloc           #.....       50%         1    ##.....
 Beastly Appendage        Tmut           #.....       50%         1    ##.....
 Confusing Touch          Hex            #.....       50%         1    ##.....
 Summon Small Mammal      Summ           #...         50%         1    ##.....
 Call Imp                 Summ           #.......     65%         2    ###....
 Poisonous Vapours        Pois/Air       #.....       65%         2    ###....
 Sticks to Snakes         Tmut           #.......     65%         2    ###....
 Call Canine Familiar     Summ           #.......     86%         3    ####...
 Conjure Flame            Conj/Fire      #.......     86%         3    ####...
 Mephitic Cloud           Conj/Pois/Air  #.......     86%         3    ####...
 Spider Form              Tmut/Pois      #.........   86%         3    ####...
 Summon Guardian Golem    Hex/Summ       #.......     86%         3    ####...
 Ice Form                 Ice/Tmut       #.......     99%         4    #####..
 Summon Ice Beast         Ice/Summ       #.......     99%         4    #####..
 Summon Lightning Spire   Summ/Air       #.......     99%         4    #####..
 Blade Hands              Tmut           #.........   100%        5    ######.
 Freezing Cloud           Conj/Ice/Air   #.........   100%        6    #######
 Ring of Flames           Chrm/Fire      #.........   100%        7    #######


Dungeon Overview and Level Annotations

Branches:
Dungeon (10/15)            Temple (1/1) D:7
   Lair: D:8-11         Orc: D:9-12

Altars:
Ashenzari
Cheibriados
Dithmenos
Elyvilon
Fedhas
Gozag
Hepliaklqana
Kikubaaqudgha
Makhleb
Nemelex Xobeh
Okawaru
Qazlal
Ru
Sif Muna
Trog
Uskayaw
Vehumet
Wu Jian
Xom
Yredelemnul
Zin
The Shining One


Message History

The vampire is severely damaged.
The vampire closely misses you. The vampire misses you.
You barely miss the vampire.
The vampire is severely damaged.
You hit the vampire. You freeze the vampire.
The vampire is almost destroyed.
The vampire closely misses you.
You riposte.
You hit the vampire.
The vampire is almost destroyed.
The vampire misses you.
You closely miss the vampire.
The vampire is almost destroyed.
The vampire is infused with unholy energy.
* * * LOW HITPOINT WARNING * * *
The vampire draws life force from you and is healed!
You feel much better. The vampire barely misses you.
The vampire completely misses you.
You hit the vampire.
The vampire is almost destroyed.
The vampire is infused with unholy energy.
You die...

≈≈≈≈≈≈≈≈##......##........#
≈≈≈J;≈≈≈≈#......##........#
≈≈≈≈≈≈≈≈≈#......##.########
≈≈≈≈≈≈≈≈≈#......##.########
≈>≈≈≈≈≈≈≈+......##.##......
≈≈≈≈≈≈≈≈##).....##'##.#####
≈≈≈≈.≈≈V.()# #......##..
#≈≈#######V# #......##.# #
#@# #..†...##.#
########'#+## #.......#.#
............# #.......#.#
##########.(...#
#.......#.#
#.....)..'.(...#
#.......#..
#.########.(...#
#.......### #.# #.....#
##'####.#.. #.# ####### #.#
#.#.# #.# #.# #.#.#


You could see a vampire.

Vanquished Creatures
  A polar bear (D:9)
  2 trolls (D:9)
  2 hornets (D:9)
  2 yaks (D:9)
  2 orc warriors
  A black bear (D:6)
  3 ice beasts
  A sky beast (D:7)
  A phantom (D:4)
  5 ogres
  A wolf (D:9)
  A big kobold (D:10)
  9 bullfrogs
  2 scorpions
  9 killer bees
  3 howler monkeys
  4 electric eels (D:9)
  3 crimson imps
  2 bullfrog zombies
  A wyvern simulacrum (D:9)
  3 hounds
  A bullfrog skeleton (D:9)
  3 orc priests
  A centaur skeleton (D:4)
  An iguana (D:7)
  Ijyb (D:5)
  3 orc wizards
  6 worker ants
  A killer bee zombie (D:7)
  A hound zombie (D:8)
  A hound skeleton (D:8)
  2 worker ant zombies (D:9)
  Robin (D:2)
  4 gnolls
  A howler monkey skeleton (D:5)
  15 adders
  A hound simulacrum (D:9)
  2 shadow imps
  2 white imps (D:9)
  2 oozes
  An adder zombie (D:6)
  2 adder skeletons
  3 worms
  3 dart slugs
  2 leopard geckos
  14 orcs
  4 ball pythons
  10 bats
  10 giant cockroaches
  12 hobgoblins
  19 jackals
  4 quokkas
  12 frilled lizards
  12 goblins
  8 kobolds
  12 rats
235 creatures vanquished.

Notes
Turn   | Place    | Note
-------+----------+-------------------------------------------
     0 | D:1      | PentaManta the Merfolk Monk began the quest for the Orb.
     0 | D:1      | Reached XP level 1. HP: 18/18 MP: 1/1
   108 | D:1      | Reached XP level 2. HP: 24/24 MP: 2/2
   330 | D:1      | Reached XP level 3. HP: 25/29 MP: 3/3
   463 | D:2      | Noticed Robin
   487 | D:1      | HP: 1/29 [goblin/cursed +0 club[Robin] (4)]
   898 | D:1      | Reached skill level 5 in Dodging
  1207 | D:2      | Killed Robin
  1511 | D:2      | Reached XP level 4. HP: 35/35 MP: 4/4
  1623 | D:2      | Reached skill level 5 in Short Blades
  1670 | D:2      | Found an ancient bone altar of Kikubaaqudgha.
  1983 | D:2      | Reached XP level 5. HP: 30/41 MP: 5/5
  2123 | D:2      | Reached skill level 6 in Dodging
  2305 | D:3      | Found a glowing drain.
  2327 | Sewer    | Entered a sewer
  2473 | Sewer    | Reached XP level 6. HP: 43/47 MP: 6/6
  2479 | Sewer    | Reached skill level 7 in Dodging
  2942 | D:3      | Found a bloodstained altar of Trog.
  3334 | D:4      | Found a shattered altar of Ashenzari.
  3440 | D:4      | Noticed a phantom
  3510 | D:4      | Killed a phantom
  3510 | D:4      | Reached XP level 7. HP: 40/52 MP: 7/7
  3670 | D:4      | Reached skill level 8 in Dodging
  3778 | D:4      | Found a sparkling altar of Nemelex Xobeh.
  4467 | D:5      | Entered Level 5 of the Dungeon
  4554 | D:5      | Found a blossoming altar of Fedhas.
  4581 | D:5      | Found an iron altar of Okawaru.
  4581 | D:5      | Found a snail-covered altar of Cheibriados.
  4582 | D:5      | Found an opulent altar of Gozag.
  4607 | D:5      | Found a basalt altar of Yredelemnul.
  4809 | D:5      | Noticed Ijyb
  4829 | D:5      | Killed Ijyb
  5164 | D:5      | Got a shimmering ring mail
  5175 | D:5      | Identified the +1 ring mail "Xeitreg" {-Cast Int+7} (You
                  | found it on level 5 of the Dungeon)
  5238 | D:6      | Reached skill level 9 in Dodging
  5238 | D:6      | Reached XP level 8. HP: 55/58 MP: 8/8
  5636 | D:6      | Found a white marble altar of Elyvilon.
  5660 | D:6      | Found a radiant altar of Vehumet.
  5876 | D:6      | Found a hide-covered altar of Uskayaw.
  5897 | D:6      | Reached skill level 10 in Dodging
  6178 | D:7      | Found a staircase to the Ecumenical Temple.
  6188 | Temple   | Entered the Ecumenical Temple
  6249 | Temple   | Became a worshipper of Dithmenos the Shadowed
  6249 | Temple   | Reached * piety under Dithmenos
  6249 | Temple   | Reached ** piety under Dithmenos
  6412 | D:7      | Reached skill level 1 in Long Blades
  6755 | D:7      | Reached XP level 9. HP: 64/64 MP: 9/9
  7266 | D:7      | Reached skill level 5 in Long Blades
  7751 | D:8      | Reached skill level 11 in Dodging
  8283 | D:9      | Noticed a hornet
  8295 | D:9      | Killed a hornet
  8352 | D:9      | Reached *** piety under Dithmenos
  8360 | D:9      | Reached skill level 12 in Dodging
  8536 | D:9      | Reached XP level 10. HP: 70/70 MP: 10/10
  9109 | D:9      | Reached skill level 10 in Long Blades
  9529 | D:10     | Entered Level 10 of the Dungeon
  9800 | D:10     | Reached **** piety under Dithmenos
  9821 | D:10     | HP: 2/70 [vampire/vampiric draining (13)]
  9823 | D:10     | Killed from afar by a vampire

Skill      XL: |  1  2  3  4  5  6  7  8  9 10 |
---------------+-------------------------------+-----
Short Blades   | 4 5 6 7 8 9 |  9.1
Dodging        | 5 6 7 9 10 12 | 12.9
Long Blades    | 4 8 10 | 10.4
Fighting       | |  3.2
Stealth        | |  2.1

Action                   |  1- 3 |  4- 6 |  7- 9 | 10-12 || total
-------------------------+-------+-------+-------+-------++-------
Melee: Short sword       |   155 |   102 |       |       ||   257
       Dagger            |       |   210 |   278 |       ||   488
       Tailslap          |       |     8 |       |     7 ||    15
       Long sword        |       |       |   148 |   151 ||   299
Throw: Stone             |       |     4 |       |       ||     4
       Javelin           |       |       |     7 |       ||     7
Evoke: Wand              |       |       |     2 |     2 ||     4
  Use: Scroll            |       |     5 |     8 |       ||    13
       Potion            |       |       |     2 |     1 ||     3
 Stab: Sleeping          |     7 |     2 |     7 |     3 ||    19
       Distracted        |       |     2 |       |       ||     2
  Eat: Chunk             |     2 |     7 |    12 |     5 ||    26
       Ration            |       |       |     1 |       ||     1
Armor: Robe              |     9 |       |       |       ||     9
       Ring mail         |     3 |    96 |    84 |    18 ||   201
       Animal skin       |     2 |       |       |       ||     2
Dodge: Dodged            |   112 |   183 |   296 |   174 ||   765
       Rpst.: Long sword |       |       |    46 |    40 ||    86
